 Dungeon Crawl Stone Soup version 0.30.1-9-gdf580d7c3d (webtiles) character file.

Game seed: 943022249393268025

22 vereth the Trooper (level 2, 0/24 HPs)
             Began as a Demonspawn Berserker on Oct 10, 2023.
             Was a Follower of Trog.
             Slain by a gnoll
             ... wielding a +0 spear
              (1 damage)
             ... on level 2 of the Dungeon.
             The game lasted 00:02:23 (420 turns).

vereth the Trooper (Demonspawn Berserker)            Turns: 420, Time: 00:02:24

Health: 0/24       AC:  9    Str: 17    XL:     2   Next: 68%
Magic:  2/2        EV: 10    Int:  8    God:    Trog [*.....]
Gold:   11         SH:  0    Dex: 12    Spells: 1/1 levels left

rFire   . . .        a - +0 hand axe
rCold   . . .        (no shield)
rNeg    . . .        c - +0 chain mail
rPois   .            (no helmet)
rElec   .            (no cloak)
rCorr   .            (no gloves)
SInv    .            d - +0 pair of boots
Will    .....        (no amulet) Stlth
                     (no ring)
HPRegen 0.24/turn    (no ring)
MPRegen 0.08/turn

%: no passive effects
@: no status effects
A: repulsion field 1
a: Renounce Religion, Berserk


You were on level 2 of the Dungeon.
You worshipped Trog.
Trog was aware of your devotion.
You visited 1 branch of the dungeon, and saw 2 of its levels.

You collected 11 gold pieces.

Inventory:

Hand Weapons
 a - a +0 hand axe (weapon)
 f - a +0 short sword
 i - a +0 hand axe
Armour
 b - a +0 animal skin
 c - a +0 chain mail (worn)
 d - a +0 pair of boots (worn)
Scrolls
 e - a scroll of silence
 g - a scroll of identify
Potions
 h - 2 potions of cancellation


   Skills:
 + Level 3.4 Fighting
 + Level 3.1 Axes
 + Level 2.0 Armour
 + Level 1.9 Dodging


You had one spell level left.
You didn't know any spells.
Your spell library was empty.

Dungeon Overview and Level Annotations

Branches:
Dungeon (2/15)

Altars:


Innate Abilities, Weirdness & Mutations

You are surrounded by a mild repulsion field. (EV +2)


Message History

The sling bullet closely misses you.
The sling bullet closely misses the gnoll.
The goblin unwields a +0 sling.
The goblin wields a +0 club.
The goblin hits you with a +0 club.
You slash the goblin!
You kill the goblin!
Trog accepts your kill.
You hit the gnoll but do no damage. The gnoll closely misses you.
Your Axes skill increases to level 3!
Things that are here:
a +0 club; a +0 sling; a goblin corpse The gnoll attacks as you move away!
The gnoll hits you with a +0 club.
You hit the gnoll. You punch the gnoll.
The gnoll is heavily wounded.
The gnoll hits you but does no damage.
You closely miss the gnoll.
The gnoll is heavily wounded.
You hit the gnoll.
The gnoll is heavily wounded.
The gnoll hits you with a +0 club.
You hit the gnoll.
You kill the gnoll!
Trog accepts your kill.
Your Armour skill increases to level 2!
The gnoll sergeant closely misses you.
Things that are here:
a +0 club; a +0 sling; a goblin corpse You hit the gnoll sergeant but do no damage.
The gnoll sergeant hits you with a +0 trident!
* * * LOW HITPOINT WARNING * * *
The gnoll hits you but does no damage.
You hit the gnoll sergeant.
The gnoll sergeant is lightly wounded.
The gnoll sergeant closely misses you.
The gnoll hits you from afar with a +0 spear.
* * * LOW HITPOINT WARNING * * *
You hit the gnoll sergeant but do no damage.
The gnoll sergeant is lightly wounded.
The gnoll hits you from afar with a +0 spear.
You die...

♣........) ♣..♣.?..
#......# ♣)..♣.♣
##......# ♣.....♣
##....... ♣...♣
##......# #
♣...♣##.......# #.
♣♣g♣♣#........# #.#
♣g♣##........#.###
#..##@##.......<..<...
##...).#........#######
#.....''............
#.....##...#########
#.....##.......
#.....##.##....#
#......... ....#
#......... ....#
#..............#


You could see a gnoll sergeant and a gnoll.

Vanquished Creatures
  A gnoll (D:2)
  An endoplasm (D:1)
  A giant cockroach (D:1)
  2 goblins
  2 hobgoblins (D:1)
  A quokka (D:1)
  A kobold (D:1)
  3 rats (D:1)
12 creatures vanquished.

Notes
Turn   | Place    | Note
-------+----------+-------------------------------------------
     0 | D:1      | vereth the Demonspawn Berserker began the quest for the
                  | Orb.
     0 | D:1      | Reached XP level 1. HP: 18/18 MP: 1/1
   233 | D:1      | Gained mutation: You are surrounded by a mild repulsion
                  | field. (EV +2) [demonic ancestry]
   233 | D:1      | Reached XP level 2. HP: 22/24 MP: 2/2
   405 | D:2      | Noticed a gnoll sergeant
   419 | D:2      | HP: 1/24 [gnoll/+0 spear (3)]
   420 | D:2      | Slain by a gnoll

Illustrated notes

Levels and vault maps discovered:
D:1:      nicolae_arrival_washed_ashore, layout_basic, minmay_cupped
D:2:      layout_basic, eino_tiny_chamber, nicolae_kite_square_tiling_tiny,
          pf_guarded_unrand_woodcutter

Skill      XL: |  1  2 |
---------------+-------+-----
Axes           | 3 |  3.1
Armour         | 2 |  2.0
Fighting       | |  3.4
Dodging        | |  1.9

Action                     || total
---------------------------++-------
  Melee: Hand axe          ||    43
         Punch             ||     1
    Use: Scroll            ||     4
         Potion            ||     1
 Armour: Chain mail        ||    32
         Animal skin       ||     1
  Dodge: Dodged            ||    29
